 Dungeon Crawl Stone Soup version 0.25-a0-804-g50c693f418 (webtiles) character file.

Game seed: 15002604436137015107, levelgen mode: deterministic

610 Esekla the Gusty (level 7, -3/40 HPs)
             Began as a Tengu Venom Mage on Apr 19, 2020.
             Killed from afar by an orc wizard (9 damage)
             ... with a magic dart
             ... on level 4 of the Dungeon.
             The game lasted 00:25:30 (3211 turns).

Esekla the Gusty (Tengu Venom Mage)                 Turns: 3211, Time: 00:25:31

Health: -3/40      AC:  3    Str:  9    XL:     7   Next: 43%
Magic:  3/12       EV: 14    Int: 17    God:
Gold:   128        SH:  0    Dex: 14    Spells: 3/12 levels left

rFire    . . .     SeeInvis .   k - +2 dagger (elec)
rCold    . . .     Gourm    .   (no shield)
rNeg     . . .     Faith    .   a - +1 robe
rPois    .         Spirit   .   (helmet restricted)
rElec    .         Reflect  .   d - scarf {repulsion}
rCorr    .         Harm     .   (no gloves)
MR       .....                  (boots unavailable)
Stlth    ++........             (no amulet)
HPRegen  0.13/turn              (no ring)
MPRegen  0.13/turn              (no ring)

@: repel missiles
A: beak, talons 3, able to fly
a: Fly


You were on level 4 of the Dungeon.
You were not hungry.

You visited 1 branch of the dungeon, and saw 4 of its levels.

You collected 218 gold pieces.
You spent 90 gold pieces at shops.

Inventory:

Hand Weapons
 b - a +0 short sword
 k - a +2 dagger of electrocution (weapon)
Missiles
 g - 33 poisoned darts (quivered)
Armour
 a - a +1 robe (worn)
 d - a scarf of repulsion (worn)
Jewellery
 q - an uncursed ring of protection from magic {unknown}
Wands
 p - a wand of polymorph (12)
 r - a wand of acid (6)
Scrolls
 e - 2 scrolls of remove curse
 f - a scroll of teleportation
Potions
 c - a potion of degeneration {unknown}
 i - a potion of curing
 j - a potion of lignification {unknown}
 n - 2 potions of berserk rage {unknown}
 s - a potion of brilliance {unknown}
Comestibles
 l - 4 rations
 t - 3 chunks of flesh


   Skills:
 + Level 2.0 Fighting
 * Level 3.8 Short Blades
 + Level 0.3 Throwing
 + Level 3.6 Dodging
 - Level 2.0 Stealth
 + Level 3.0 Spellcasting
 * Level 3.6 Conjurations
 - Level 0.7 Transmutations
 * Level 1.5 Fire Magic
 * Level 4.3 Air Magic
 - Level 3.2 Poison Magic


You had 3 spell levels left.
You knew the following spells:

 Your Spells              Type           Power        Failure   Level  Hunger
a - Sting                 Tmut/Pois      #...         8%          1    None
b - Ignite Poison         Fire/Tmut/Pois #.......     24%         3    ###....
c - Mephitic Cloud        Conj/Pois/Air  ###.....     11%         3    ###....
v - Poisonous Vapours     Pois/Air       ###...       5%          2    ##.....

Your spell library contained the following spells:

 Spells                   Type           Power        Failure   Level  Hunger
 Olgreb's Toxic Radiance  Pois           ##......     43%         4    ####...


Dungeon Overview and Level Annotations

Branches:
Dungeon (4/15)
 Temple: D:4-7

Altars:
Dithmenos
Zin

Shops:
D:4 ?


Innate Abilities, Weirdness & Mutations

You have a beak for a mouth.
You have claws for feet.
You can fly continuously.


Message History

You kill the orc priest!
The jackal bites you but does no damage.
The orc misses you.
The orc wizard casts a spell.
The orc wizard seems to speed up.
The gnoll hits you!
* * * LOW HITPOINT WARNING * * *
You hit the gnoll. Your kick misses the gnoll.
The gnoll is lightly wounded.
The jackal bites you but does no damage.
Something barely misses you.
The orc wizard points at you and mumbles some strange words.
You resist with some effort. The jackal closely misses you.
Unknown command.
The jackal misses you.
Found 12 gold pieces.
A gnoll comes into view. It is wielding a +0 spear.
The gnoll shouts!
The orc wizard gestures at you while chanting.
The magic dart hits you!
You die...

.....#,***#........,,,,,,,,*,***,
.....#,* #.............,*,*,***,
.....#,***#.g...........,*,*,,,,,
.....#>,,,+...........$.,,,,,,,,,
.....######.............,*,,,,,,,
........................,,,,,,,,,
............###.........,,,,,,,,,
#..........g###S.......<**,,,,,,,
#...............@.......***,,,,,,
##............h.........,,,,,,,,,
##.........#..g{........,,*,*****
##.........#o.o.o...∩...,,*,*****
##.........#............,,,,,,,,,
##.........#............,,*,,,,**
##.........#............***,,,,+,
##.........#............* *,,,,*,
##.........#...........,* *,,,,*,


You could see a gnoll shaman, an orc wizard, 2 gnolls, 2 orcs, a jackal and a
ball python.

Vanquished Creatures
  Sigmund (D:3)
  A scorpion (D:4)
  2 orc priests
  2 hounds (D:4)
  Jessica (D:3)
  2 orc wizards (D:3)
  A worker ant (D:4)
  3 gnolls (D:2)
  4 adders
  A howler monkey skeleton (D:2)
  2 oozes
  2 dart slugs (D:1)
  3 worms
  2 leopard geckos
  8 orcs
  A ball python (D:3)
  2 giant cockroaches
  11 goblins
  6 hobgoblins
  12 jackals
  6 kobolds
  A quokka (D:3)
  7 bats
  8 frilled lizards
  5 rats
94 creatures vanquished.

Notes
Turn   | Place    | Note
-------+----------+-------------------------------------------
     0 | D:1      | Esekla the Tengu Venom Mage began the quest for the Orb.
     0 | D:1      | Reached XP level 1. HP: 10/10 MP: 4/4
   130 | D:1      | Reached XP level 2. HP: 11/16 MP: 6/6
   134 | D:1      | Learned a level 2 spell: Poisonous Vapours
   348 | D:1      | Reached skill level 1 in Short Blades
   637 | D:1      | Reached XP level 3. HP: 19/20 MP: 4/7
   644 | D:1      | Learned a level 3 spell: Mephitic Cloud
   923 | D:2      | Reached skill level 1 in Air Magic
  1117 | D:2      | Found a shadowy altar of Dithmenos.
  1333 | D:2      | Reached skill level 1 in Conjurations
  1403 | D:2      | Found Zin's Purification Station.
  1430 | D:2      | Found a glowing silver altar of Zin.
  1446 | D:2      | Reached XP level 4. HP: 11/24 MP: 5/8
  1461 | D:2      | Bought a potion of curing for 90 gold pieces
  1932 | D:2      | Reached skill level 2 in Air Magic
  2117 | D:2      | Gained mutation: You can fly continuously. [Tengu growth]
  2117 | D:2      | Reached XP level 5. HP: 25/28 MP: 1/9
  2356 | D:2      | Learned a level 3 spell: Ignite Poison
  2521 | D:3      | Noticed Jessica
  2544 | D:3      | Killed Jessica
  2544 | D:3      | Reached skill level 1 in Fighting
  2799 | D:3      | Noticed Sigmund
  2810 | D:3      | Reached XP level 6. HP: 35/35 MP: 2/11
  2817 | D:3      | Reached skill level 3 in Air Magic
  2842 | D:3      | Killed Sigmund
  2842 | D:3      | Reached skill level 1 in Fire Magic
  3074 | D:4      | Reached XP level 7. HP: 36/39 MP: 12/12
  3145 | D:4      | Reached skill level 4 in Air Magic
  3204 | D:4      | Found Vuixteim's Magic Scroll Emporium.
  3211 | D:4      | Killed from afar by an orc wizard

Levels and vault maps discovered:
D:1:      dpeg_arrival_refuge, layout_loops_ring
D:2:      layout_basic, nicolae_dithmenos_through_a_glass_darkly, zin_purify
D:3:      layout_basic, marbit_many_paths, uniq_jessica, uniq_sigmund
D:4:      layout_basic, kennysheep_slug_shrine, nicolae_ossuary_entry_giza,
          first_ration, serial_shops, shop, uniq_eustachio, uniq_blork_the_orc,
          uniq_pikel

Skill      XL: |  1  2  3  4  5  6  7 |
---------------+----------------------+-----
Short Blades   | 1 2 3 |  3.8
Air Magic      | 1 2 3 4 |  4.3
Conjurations   | 1 2 3 |  3.6
Fighting       | 1 2 |  2.0
Dodging        | 3 |  3.6
Spellcasting   | 3 |  3.0
Fire Magic     | 1 |  1.5
Throwing       | |  0.3
Stealth        | |  2.0
Transmutations | |  0.7
Poison Magic   | |  3.2

Action                   |  1- 3 |  4- 6 |  7- 9 || total
-------------------------+-------+-------+-------++-------
Melee: Short sword       |    59 |     7 |       ||    66
       Kick              |    15 |    17 |     2 ||    34
       Peck              |     5 |     9 |     2 ||    16
       Dagger            |       |    81 |    28 ||   109
Throw: Dart              |       |     4 |       ||     4
 Cast: Sting             |     3 |       |       ||     3
       Poisonous Vapours |    18 |    16 |     7 ||    41
       Mephitic Cloud    |       |     3 |     1 ||     4
  Use: Scroll            |       |       |     6 ||     6
 Stab: Sleeping          |     3 |     2 |       ||     5
       Confused          |       |     1 |       ||     1
  Eat: Ration            |     1 |       |       ||     1
       Chunk             |       |     5 |     2 ||     7
Armor: Robe              |     5 |    17 |     7 ||    29
Dodge: Dodged            |    51 |    64 |    35 ||   150
       Repelled          |     1 |     2 |     2 ||     5

Table legend:
 A = Non-vault XP
 B = Vault XP
 C = Vault XP percentage of total XP
 D = Non-vault monster count
 E = Vault monster count
 F = Vault count percentage of total count
                 A         B        C        D         E       F
            +---------+---------+-------+---------+---------+-------
      Total |     612 |     260 |  29.8 |      92 |       2 |   2.1
            +---------+---------+-------+---------+---------+-------
        D:1 |      36 |       0 |   0.0 |      18 |       0 |   0.0
        D:2 |     142 |       0 |   0.0 |      29 |       0 |   0.0
        D:3 |     172 |     260 |  60.2 |      30 |       2 |   6.2
        D:4 |     262 |       0 |   0.0 |      15 |       0 |   0.0
            +---------+---------+-------+---------+---------+-------
